 Dungeon Crawl Stone Soup version 0.21-a0-265-gb353147 (webtiles) character file.

291638 Gorice the Impregnable (level 21, -2/189 HPs)
             Began as a Gnoll Berserker on Sept 6, 2017.
             Was a High Priest of Trog.
             Slain by a black mamba (10 damage)
             ... on level 4 of the Snake Pit on Sept 10, 2017.
             The game lasted 05:20:40 (72008 turns).

Gorice the Impregnable (Gnoll Berserker)           Turns: 72008, Time: 05:20:41

Health: -2/189     AC: 42    Str:  7    XL:     21   Next: 16%
Magic:  0/34       EV:  2    Int:  7    God:    Trog [*****.]
Gold:   979        SH:  0    Dex:  7    Spells: 20/20 levels left

rFire    + . .     SeeInvis +   a - +7 great mace of Xoca {flame, Int+7}
rCold    + . .     Gourm    .   (shield currently unavailable)
rNeg     . . .     Faith    .   V - +11 plate armour of the Lair of Beasts {Dex+4}
rPois    .         Spirit   +   s - +1 helmet
rElec    .         Reflect  .   G - scarf {rC+ rF+}
rCorr    .         Harm     .   E - +2 pair of gloves {Str+3}
MR       +....                  k - +0 pair of boots
Stlth    ..........             I - amulet of guardian spirit
HPRegen  0.41/turn              i - ring of see invisible
MPRegen  0.24/turn              S - +3 ring of protection

@: lethally poisoned (-2 -> -168), slowed, constricted, heavily drained, very
slow
A: unchanging attributes, fangs 1, strong nose
}: 1/15 runes: decaying
a: Berserk, Trog's Hand, Brothers in Arms, Burn Spellbooks, Renounce Religion


You were on level 4 of the Snake Pit.
You worshipped Trog.
Trog was extremely pleased with you.
You were not hungry.

You visited 7 branches of the dungeon, and saw 36 of its levels.
You visited 1 bazaar.
You also visited: Ossuary and Ice Cave.

You collected 4376 gold pieces.
You spent 3397 gold pieces at shops.

Inventory:

Hand Weapons
 a - the +7 great mace of Xoca (weapon) {flame, Int+7}
   (Trog gifted it to you on level 1 of the Vaults)

   It has been specially enchanted to burn those struck by it, causing extra
   injury to most foes and up to half again as much damage against particularly
   susceptible opponents.
   It affects your intelligence (+7).
 b - a +4 antimagic great mace
   (Trog gifted it to you on level 12 of the Dungeon)
 B - a +0 blowgun
Missiles
 A - 18 poisoned javelins (quivered)
 J - 15 curare-tipped needles
 Y - 10 javelins of penetration
Armour
 k - a +0 pair of boots (worn)
 s - a +1 helmet (worn)
 E - a +2 pair of gloves of strength (worn)
   (You found it on level 2 of the Swamp)
 G - a scarf of resistance (worn)
   (You found it on level 6 of the Dungeon)
 V - the +11 plate armour of the Lair of Beasts (worn) {Dex+4}
   (You found it on level 12 of the Dungeon)

   It affects your dexterity (+4).
Jewellery
 e - an uncursed ring of positive energy
 i - a ring of see invisible (left hand)
 p - an uncursed ring of poison resistance
 w - the ring "Zemethru" {rF+ rC+ Stlth+}
   (You bought it in a shop on level 3 of the Snake Pit)

   [ring of stealth]

   It protects you from fire.
   It protects you from cold.
   It makes you more stealthy.
 F - an uncursed ring of flight
 I - an amulet of guardian spirit (around neck)
 S - a +3 ring of protection (right hand)
Wands
 l - a wand of acid (7/15)
 o - a wand of paralysis (10/24)
 u - a wand of confusion (18/48)
 z - a wand of scattershot (3/9)
 H - a wand of digging (4/24)
Scrolls
 h - 14 scrolls of remove curse
 n - 2 scrolls of silence {!r}
 x - 4 scrolls of magic mapping {!r}
 C - 5 scrolls of teleportation {!r}
 R - 10 scrolls of identify
 W - 3 scrolls of fog
Potions
 d - 4 potions of might {!q}
 g - 19 potions of curing
 j - 6 potions of haste {!q}
 q - 4 potions of agility {!q}
 r - a potion of heal wounds {!q}
 t - 4 potions of invisibility {!q}
 T - 4 potions of resistance {!q}
 U - a potion of cancellation {!q}
Miscellaneous
 O - 2 sacks of spiders
Comestibles
 c - 16 bread rations {!e}


   Skills:
 - Level 22.0(20.1) Fighting
 - Level 20.0(18.1) Maces & Flails
 + Level 16.2(14.5) Throwing
 + Level 22.6(20.7) Armour
 - Level 15.0(13.3) Dodging
 - Level 18.0(16.2) Evocations


You had 20 spell levels left.
You didn't know any spells.

Dungeon Overview and Level Annotations

Branches:
Dungeon (15/15)            Temple (1/1) D:4            Lair (6/6) D:10
  Swamp (4/4) Lair:4        Snake (4/4) Lair:2        Slime (0/5) Lair:6
    Orc (2/2) D:9             Elf (0/3) Orc:2        Vaults (4/5) D:13
  Crypt (0/3) Vaults:3     Depths (0/5) D:15

Altars:
Ashenzari
Cheibriados
Dithmenos
Elyvilon
Fedhas
Gozag
Hepliaklqana
Kikubaaqudgha
Makhleb
Nemelex Xobeh
Okawaru
Qazlal
Ru
Sif Muna
Trog
Uskayaw
Vehumet
Wu Jian
Xom
Yredelemnul
The Shining One
Beogh
Jiyva

Shops:
D:11 *   Orc:2 [(=[:*   Snake:1 }   Snake:2 :   Snake:3 =}}

Portals:
Trove: Vaults:2 (give +2 storm dragon scales)

Annotations:
D:3 pUX: orc wizs in Sif temple, exclusion: door
D:5 exclusion: statue
Snake:3 exclusion: Roxanne, Roxanne
Snake:4 In fucking sane!!!!!!!!!!!!!!!!!!!!!!!!!!!!!!!!!!!!!!!!!!!!!!!!!!!!!!!!!!!!!


Innate Abilities, Weirdness & Mutations

Your physical attributes are unchanging.
You have very sharp teeth.
Your uncanny sense of smell can sniff out nearby items.


Message History

The bolt of poison hits the guardian serpent.
The guardian serpent is poisoned.
The bolt of poison hits you!
You are lethally poisoned!
* * * LOW HITPOINT WARNING * * *
The guardian serpent hits you but does no damage.
The guardian serpent casts a spell.
The guardian serpent weaves intricate patterns with the tip of its tongue.
The naga hits you but does no damage. The naga closely misses your troll.
The naga hits you but does no damage. The black mamba bites you!
* * * LOW HITPOINT WARNING * * *
You are more poisoned.
The black mamba poisons you!
Damage: 29 (max 32) Unknown command.
Unknown command.
Unknown command.
Unknown command.
Your ogre goes berserk!
You feel somewhat more hungry.
* * * LOW HITPOINT WARNING * * *
You feel extremely sick.
The nagaraja points at you and mumbles some strange words.
The poison arrow hits you!
You are more poisoned.
* * * LOW HITPOINT WARNING * * *
x2 The nagaraja constricts you.
The guardian serpent coils itself and waves its upper body at you.
The bolt of poison hits you!
You are more poisoned.
* * * LOW HITPOINT WARNING * * *
The bolt of poison hits the guardian serpent.
The guardian serpent is poisoned.
The guardian serpent gestures with its tail.
The black mamba bites you but does no damage.
Your troll bites the guardian serpent!
Your troll claws the guardian serpent! x2
The nagaraja hits you but does no damage.
The nagaraja constricts you.
The guardian serpent casts a spell at you.
The bolt of poison hits the guardian serpent.
The guardian serpent looks even sicker.
The bolt of poison hits you!
You are more poisoned.
* * * LOW HITPOINT WARNING * * *
The naga hits you with a hand axe.
* * * LOW HITPOINT WARNING * * *
The naga hits your troll with a hand axe!
The guardian serpent hits you but does no damage.
The guardian serpent casts a spell at your troll.
Your troll resists with significant effort.
The black mamba bites you!
You die...

#.# ##.####N.....# ...
##..##.#.#.#.(# ..#
#...#.........# .#
###...##.#.#.#..####∆
.
.#..................#.
...?....#.#.#S#.......
.......[....NS.O......
....S...#.#N#S#S......
......$..N..SN@N......
.....[..#.#.#N#ST.....
#............. .......
##....###.#.#.#.......
#...# .......###...
#..# #.# #.### .. ..#
... ... . .# #.


You could see a naga warrior, a nagaraja, a mana viper, 4 guardian serpents, a
black mamba, a naga mage, 3 nagas, a friendly troll (berserk) and a friendly
ogre (berserk).

Vanquished Creatures
  A bone dragon (Swamp:4)
  A tentacled monstrosity (Swamp:3)
  A sphinx (Vaults:4)
  A thorn hunter (Swamp:1)
  A fire giant (Vaults:3)
  A frost giant (Vaults:4)
  7 vault wardens
  2 nagarajas (Snake:3)
  An orc warlord (Vaults:4)
  Louise (Snake:2)
  A deep elf sorcerer (Vaults:1)
  13 ironheart preservers
  2 stone giants
  A deep elf annihilator (Vaults:2)
  A vampire knight (Vaults:3)
  Snorg (Lair:5)
  A minotaur (shapeshifter) (Vaults:1)
  A fire dragon (Lair:6)
  5 yaktaur captains
  A great orb of eyes (Vaults:1)
  14 hydras
  3 vault guards
  Erolcha (D:13)
  6 naga warriors
  4 ice dragons
  7 ogre magi
  10 centaur warriors
  3 ghost crabs
  10 anacondas
  A two-headed ogre (shapeshifter) (Vaults:1)
  3 death knights
  2 catoblepae
  17 two-headed ogres
  15 death yaks
  7 alligators
  2 deep elf knights
  5 naga sharpshooters
  A shock serpent (Snake:4)
  Sonja (Lair:3)
  2 orc high priests (Vaults:4)
  5 skeletal warriors
  2 salamander mystics
  A shadow wraith (Vaults:1)
  An unseen horror (Vaults:1)
  A deep troll (shapeshifter) (Vaults:1)
  5 naga ritualists
  4 swamp dragons
  A deep troll (Vaults:3)
  2 flayed ghosts (Vaults:3)
  A spriggan druid (Swamp:3)
  16 ironbrand convokers
  2 spectral hydras (Swamp:4)
  2 wizards (D:13)
  2 shambling mangroves (Swamp:2)
  2 deep elf archers (Vaults:4)
  A lindwurm (Lair:6)
  A necromancer (IceCv)
  2 wolf spiders (Vaults:1)
  25 orc knights
  9 deep elf magi
  6 orc sorcerers
  An oklob plant (D:11)
  6 cyclopes
  8 salamanders
  9 mana vipers
  A faun (shapeshifter) (Vaults:1)
  52 ugly things
  14 elephants
  14 vault sentinels
  4 guardian serpents
  35 black mambas
  3 ice statues (IceCv)
  Maurice (D:12)
  15 naga magi
  A black mamba (shapeshifter) (Vaults:4)
  Joseph (D:7)
  3 gargoyles
  A torpor snail (Lair:6)
  5 swamp worm zombies (Swamp:4)
  12 komodo dragons
  15 spiny frogs
  5 rime drakes (Lair:6)
  39 yaktaurs
  9 freezing wraiths
  11 ice devils
  A guardian mummy (Vaults:2)
  4 hydra zombies (Swamp:4)
  9 trolls
  A tengu simulacrum (Vaults:3)
  6 tyrant leeches
  10 hornets
  10 bog bodies
  14 slime creatures
  6 hippogriffs
  A spectral swamp dragon (Swamp:4)
  An alligator zombie (Swamp:4)
  9 blink frogs
  8 dream sheep (Lair:6)
  4 spriggans
  2 shadows
  A tarantella (shapeshifter) (Vaults:1)
  4 wraiths
  7 wyverns
  20 yaks
  A yak (shapeshifter) (D:14)
  3 vampires (Vaults:3)
  3 hungry ghosts
  23 vampire mosquitoes
  2 steam dragons (Lair:6)
  4 basilisks
  22 humans (D:13)
  19 swamp worms
  4 acid dragons
  An insubstantial wisp (Swamp:4)
  11 wargs
  33 nagas
  A soldier ant (shapeshifter) (Vaults:2)
  6 water moccasins
  6 porcupines
  66 orc warriors
  7 phantoms
  4 ice beasts
  3 sky beasts
  3 swamp dragon zombies (Swamp:4)
  2 necrophages
  7 swamp drakes
  A black bear (D:7)
  31 ogres
  A boggart (shapeshifter) (Vaults:1)
  12 wolves
  8 boggarts
  22 centaurs
  13 crocodiles
  2 big kobolds
  18 bullfrogs
  A wyvern zombie (D:8)
  11 scorpions
  A water moccasin skeleton (D:7)
  The ghost of Mandevil the Chopper, a weakling NaGl (D:3)
  9 killer bees
  An oklob sapling (D:11)
  9 wights
  An electric eel (Snake:1)
  4 howler monkeys
  7 centaur zombies
  6 crimson imps
  3 human zombies (Ossuary)
  2 bullfrog zombies
  33 orc priests
  2 centaur skeletons
  A draconian simulacrum (IceCv)
  8 hounds
  4 jellies
  5 iguanas
  Natasha (D:1)
  16 orc wizards
  4 spectral swamp drakes (Swamp:4)
  A troll simulacrum (IceCv)
  2 spriggan simulacra (IceCv)
  11 worker ants
  A big kobold zombie (Ossuary)
  A centaur simulacrum (IceCv)
  A hound zombie (D:4)
  2 hound skeletons
  3 mummies (Ossuary)
  A worker ant zombie (D:9)
  Robin (D:2)
  16 adders
  A gnoll (shapeshifter) (Vaults:1)
  A swamp drake zombie (Swamp:4)
  4 naga simulacra (IceCv)
  An ogre simulacrum (IceCv)
  3 scorpion zombies (Ossuary)
  5 shadow imps
  2 white imps
  5 oozes
  An adder zombie (D:4)
  4 worms
  3 adder skeletons
  4 dart slugs
  4 leopard geckos
  130 orcs
  7 giant cockroaches
  13 goblins
  13 hobgoblins
  14 jackals
  11 quokkas
  8 ball pythons
  6 bats
  3 frilled lizards
  A gnoll zombie (Ossuary)
  3 hobgoblin zombies
  A jackal zombie (D:4)
  11 kobolds
  3 kobold zombies (Ossuary)
  A leopard gecko skeleton (D:5)
  2 leopard gecko zombies
  An orc zombie (Ossuary)
  A quokka skeleton (D:7)
  A quokka zombie (D:4)
  9 rats
  A briar patch (Swamp:1)
1419 creatures vanquished.

Vanquished Creatures (collateral kills)
  Saint Roka (Vaults:3)
  Rupert (Lair:5)
  A nagaraja (Snake:3)
  Aizul (Snake:1)
  A vault warden (Vaults:4)
  A stone giant (Orc:1)
  An ettin (Orc:1)
  4 vault guards (Vaults:3)
  A ghost crab (Swamp:4)
  An anaconda (Snake:3)
  2 ironbrand convokers
  An orc sorcerer (Orc:1)
  A deep elf mage (Vaults:4)
  3 black mambas
  A spiny frog (Lair:3)
  4 yaktaurs (Vaults:4)
  4 blink frogs
  A steam dragon (Lair:4)
  3 insubstantial wisps (Swamp:4)
  A naga (Snake:4)
  An orc warrior (Orc:1)
  3 phantoms (Swamp:4)
  3 orc priests (Orc:1)
  5 orc wizards
  4 orcs
50 creatures vanquished.

Vanquished Creatures (others)
  An ice dragon (D:15)
  A spiny frog (Lair:4)
  3 insubstantial wisps (Swamp:4)
  A warg (Vaults:3)
  An orc warrior (Vaults:3)
  A scorpion (Ossuary)
  An orc (Vaults:3)
  A bush (Lair:5)
  19 fungi
  11 plants
  7 toadstools (Swamp:1)
47 creatures vanquished.

Grand Total: 1516 creatures vanquished

Notes
Turn   | Place    | Note
-------+----------+-------------------------------------------
     0 | D:1      | Gorice the Gnoll Berserker began the quest for the Orb.
     0 | D:1      | Reached XP level 1. HP: 19/19 MP: 1/1
   166 | D:1      | Reached XP level 2. HP: 22/25 MP: 2/2
   315 | D:1      | HP: 5/25 [hobgoblin/club (3)]
   316 | D:1      | HP: 2/25 [hobgoblin/club (3)]
   320 | D:1      | Reached skill level 5 in Maces & Flails
  1130 | D:1      | Reached XP level 3. HP: 13/30 MP: 3/3
  1659 | D:2      | Reached skill level 6 in Maces & Flails
  1662 | D:2      | Reached ** piety under Trog
  1669 | D:2      | Reached XP level 4. HP: 29/37 MP: 4/4
  1967 | D:2      | Noticed Natasha
  2031 | D:1      | Killed Natasha
  2031 | D:1      | Reached skill level 3 in Armour
  2306 | D:2      | Noticed Robin
  2317 | D:2      | Reached skill level 7 in Maces & Flails
  2323 | D:2      | Killed Robin
  2323 | D:2      | Reached XP level 5. HP: 42/42 MP: 5/5
  2389 | D:2      | Upgraded the game from 0.21-a0-258-g4c0eb85 to 0.21-a0-260-g9b2435e
  2521 | D:3      | Found a deep blue altar of Sif Muna.
  2521 | D:3      | Noticed Mandevil's ghost (weakling NaGl)
  2618 | D:3      | Killed Mandevil's ghost
  2753 | D:3      | Reached skill level 4 in Armour
  2771 | D:3      | Reached XP level 6. HP: 41/48 MP: 6/6
  2775 | D:3      | Reached skill level 8 in Maces & Flails
  3146 | D:3      | Reached *** piety under Trog
  3516 | D:4      | Found a burning altar of Makhleb.
  3586 | D:4      | Reached skill level 9 in Maces & Flails
  3632 | D:4      | Found a shadowy altar of Dithmenos.
  3632 | D:4      | Found an iron altar of Okawaru.
  3678 | D:4      | Found a sand-covered staircase.
  3679 | D:4      | Found a staircase to the Ecumenical Temple.
  3686 | Ossuary  | Entered an ossuary
  3711 | Ossuary  | Reached skill level 5 in Armour
  3711 | Ossuary  | Reached XP level 7. HP: 50/54 MP: 7/7
  4165 | Ossuary  | Reached skill level 10 in Maces & Flails
  4333 | Ossuary  | Reached skill level 6 in Armour
  4492 | Ossuary  | Reached XP level 8. HP: 36/60 MP: 8/8
  4844 | Ossuary  | Reached skill level 11 in Maces & Flails
  4975 | Temple   | Entered the Ecumenical Temple
  5143 | D:4      | Reached **** piety under Trog
  5155 | D:4      | Received a gift from Trog
  5300 | D:4      | Reached skill level 7 in Armour
  5665 | D:5      | Entered Level 5 of the Dungeon
  5704 | D:5      | Found a snail-covered altar of Cheibriados.
  5814 | D:5      | Reached skill level 12 in Maces & Flails
  6002 | D:5      | Found a radiant altar of Vehumet.
  7049 | D:6      | Reached skill level 8 in Armour
  7069 | D:6      | Reached XP level 9. HP: 58/65 MP: 9/9
  7124 | D:6      | Received a gift from Trog
  7169 | D:6      | Found a glowing golden altar of the Shining One.
  7260 | D:6      | Found a sparkling altar of Nemelex Xobeh.
  7424 | D:6      | Reached skill level 13 in Maces & Flails
  7479 | D:6      | Found a stormy altar of Qazlal.
  8109 | D:7      | Identified the Incunabulum of Evil and Snow
  8166 | D:7      | Reached skill level 9 in Armour
  8655 | D:7      | Found an opulent altar of Gozag.
  8841 | D:7      | Noticed Joseph
  8852 | D:7      | HP: 27/97 [Joseph/hunting sling (4)]
  8865 | D:7      | Killed Joseph
  9283 | D:7      | Reached skill level 14 in Maces & Flails
  9283 | D:7      | Reached skill level 10 in Armour
  9386 | D:7      | Found a shattered altar of Ashenzari.
  9548 | D:7      | Upgraded the game from 0.21-a0-260-g9b2435e to 0.21-a0-264-g3e31e41
  9634 | D:8      | Found a sacrificial altar of Ru.
  9752 | D:8      | Reached skill level 5 in Fighting
  9816 | D:8      | Reached XP level 10. HP: 63/74 MP: 10/10
  9866 | D:8      | Reached ***** piety under Trog
  9966 | D:8      | Reached skill level 6 in Fighting
 10118 | D:8      | Reached skill level 11 in Armour
 10268 | D:9      | Noticed a two-headed ogre
 10277 | D:9      | HP: 20/77 [two-headed ogre/giant spiked club (18)]
 10282 | D:9      | HP: 2/115 [two-headed ogre/giant spiked club (15)]
 10285 | D:9      | Killed a two-headed ogre
 10285 | D:9      | Reached skill level 7 in Fighting
 10829 | D:9      | Noticed a centaur warrior
 10903 | D:9      | Killed a centaur warrior
 10903 | D:9      | Reached skill level 8 in Fighting
 10903 | D:9      | Reached skill level 12 in Armour
 10947 | D:9      | Found an ancient bone altar of Kikubaaqudgha.
 11003 | D:9      | Found a staircase to the Orcish Mines.
 11433 | D:9      | Noticed a guardian serpent
 11457 | D:9      | Killed a guardian serpent
 11457 | D:9      | Reached skill level 9 in Fighting
 12331 | D:10     | Entered Level 10 of the Dungeon
 12361 | D:9      | Reached skill level 13 in Armour
 12361 | D:9      | Reached XP level 11. HP: 78/90 MP: 9/11
 12462 | D:9      | Reached skill level 10 in Fighting
 12744 | D:10     | Found a staircase to the Lair.
 12904 | D:10     | Noticed a two-headed ogre
 12921 | D:10     | Killed a two-headed ogre
 13632 | D:10     | Reached skill level 11 in Fighting
 14230 | Lair:1   | Entered Level 1 of the Lair of Beasts
 14320 | Lair:1   | Reached skill level 14 in Armour
 14666 | D:10     | Reached skill level 12 in Fighting
 15200 | Lair:1   | Reached skill level 15 in Armour
 15287 | Lair:1   | HP: 28/96 [poisoned by a black mamba]
 15292 | Lair:1   | HP: 27/96 [poisoned by a black mamba]
 15299 | Lair:1   | HP: 27/96 [poisoned by a black mamba]
 15307 | Lair:1   | HP: 27/96 [poisoned by a black mamba]
 15384 | Lair:1   | HP: 27/96 [hippogriff (3)]
 15730 | Lair:1   | Reached XP level 12. HP: 87/103 MP: 8/12
 16204 | Lair:2   | Reached skill level 13 in Fighting
 16277 | Lair:2   | Found a frozen archway.
 16336 | IceCv    | Entered an ice cave
 16638 | IceCv    | HP: 30/105 [ice devil (9)]
 17219 | IceCv    | Received a gift from Trog
 17735 | IceCv    | Reached skill level 16 in Armour
 17770 | IceCv    | Reached skill level 14 in Fighting
 18367 | IceCv    | Got a steaming battleaxe
 18370 | IceCv    | Got a twisted hunting sling
 18374 | IceCv    | Identified the +5 hunting sling of Courage {freeze, Dex+7} (You found it in an ice cave)
 18375 | IceCv    | Identified the +1 battleaxe of Nounomua {venom, +Fly rF+} (You found it in an ice cave)
 18441 | Lair:2   | Found a staircase to the Snake Pit.
 18892 | Lair:2   | HP: 32/107 [poisoned by a black mamba]
 18897 | Lair:2   | HP: 26/107 [poisoned by a black mamba]
 18902 | Lair:2   | HP: 23/107 [poisoned by a black mamba]
 18907 | Lair:2   | HP: 20/107 [poisoned by a black mamba]
 18913 | Lair:2   | HP: 18/107 [poisoned by a black mamba]
 18919 | Lair:2   | HP: 18/107 [poisoned by a black mamba]
 18927 | Lair:2   | HP: 18/107 [poisoned by a black mamba]
 19535 | Lair:3   | Noticed Sonja
 19545 | Lair:3   | Killed Sonja
 19545 | Lair:3   | Reached skill level 15 in Maces & Flails
 19551 | Lair:3   | HP: 43/160 [spiny frog (10)]
 19556 | Lair:3   | HP: 29/107 [poisoned by Sonja (curare-tipped needle)]
 19561 | Lair:3   | HP: 29/107 [poisoned by Sonja (curare-tipped needle)]
 19578 | Lair:3   | HP: 32/107 [crocodile (2)]
 20051 | Lair:3   | HP: 32/107 [poisoned by a spiny frog]
 20055 | Lair:3   | HP: 13/107 [blink frog (6)]
 20060 | Lair:3   | HP: 21/107 [poisoned by a spiny frog]
 20066 | Lair:3   | HP: 21/107 [poisoned by a spiny frog]
 20071 | Lair:3   | HP: 21/107 [poisoned by a spiny frog]
 20507 | Lair:3   | Noticed a seven-headed hydra
 20519 | Lair:3   | Killed a seven-headed hydra
 20519 | Lair:3   | Reached XP level 13. HP: 113/113 MP: 13/13
 21231 | Lair:3   | Reached skill level 16 in Maces & Flails
 21711 | Lair:4   | Reached skill level 17 in Armour
 21743 | Lair:4   | HP: 29/113 [spiny frog (7)]
 21748 | Lair:4   | HP: 23/113 [poisoned by a spiny frog]
 21753 | Lair:4   | HP: 20/113 [poisoned by a spiny frog]
 21759 | Lair:4   | HP: 18/113 [poisoned by a spiny frog]
 21764 | Lair:4   | HP: 17/113 [poisoned by a spiny frog]
 21771 | Lair:4   | HP: 17/113 [poisoned by a spiny frog]
 21779 | Lair:3   | HP: 17/113 [poisoned by a spiny frog]
 22130 | Lair:4   | Found a staircase to the Swamp.
 22142 | Lair:3   | HP: 33/113 [poisoned by a black mamba]
 22147 | Lair:3   | HP: 28/113 [poisoned by a black mamba]
 22153 | Lair:3   | HP: 25/113 [poisoned by a black mamba]
 22158 | Lair:3   | HP: 24/113 [poisoned by a black mamba]
 22163 | Lair:3   | HP: 23/113 [poisoned by a black mamba]
 22170 | Lair:3   | HP: 23/113 [poisoned by a black mamba]
 22178 | Lair:3   | HP: 23/113 [poisoned by a black mamba]
 23753 | Lair:5   | Received a gift from Trog
 23810 | Lair:5   | Reached skill level 17 in Maces & Flails
 24386 | Lair:5   | Noticed Rupert
 24392 | Lair:5   | Killed Rupert
 24467 | Lair:5   | Noticed Snorg
 24487 | Lair:5   | Killed Snorg
 24942 | Lair:5   | Reached skill level 18 in Maces & Flails
 24947 | Lair:5   | Reached skill level 18 in Armour
 25845 | Lair:6   | Entered Level 6 of the Lair of Beasts
 26264 | Lair:6   | HP: 31/113 [blink frog (7)]
 26623 | Lair:5   | Reached XP level 14. HP: 65/120 MP: 13/14
 27096 | Lair:5   | HP: 36/120 [death yak (9)]
 27468 | Lair:6   | Reached skill level 19 in Maces & Flails
 28550 | Lair:6   | Reached skill level 19 in Armour
 29184 | Lair:6   | Found a runed door.
 29185 | Lair:6   | Found a viscous altar of Jiyva.
 29187 | Lair:6   | Found a staircase to the Slime Pits.
 29719 | Lair:6   | HP: 36/120 [poison (poison gas)]
 30390 | Orc:1    | Entered Level 1 of the Orcish Mines
 30609 | Orc:1    | Found a transporter.
 30672 | Orc:1    | Reached skill level 20 in Maces & Flails
 30726 | Orc:1    | Found a bloodstained altar of Trog.
 31117 | Orc:2    | Entered Level 2 of the Orcish Mines
 32643 | Orc:2    | Reached XP level 15. HP: 123/127 MP: 15/15
 32972 | Orc:2    | Received a gift from Trog
 33135 | Orc:1    | Reached skill level 20 in Armour
 33227 | Orc:2    | Reached skill level 15 in Fighting
 33819 | Orc:2    | Found Vaseasemp's Antique Armour Emporium.
 33819 | Orc:2    | Found Osot's Book Shop.
 33853 | Orc:2    | Found a roughly hewn altar of Beogh.
 33894 | Orc:2    | Found Ziakli's Antique Weapon Emporium.
 33894 | Orc:2    | Found Nainigeb's Jewellery Shop.
 33919 | Orc:2    | Found a staircase to the Elven Halls.
 33924 | Orc:2    | Found Ynourhaw's Armour Boutique.
 34406 | Orc:2    | Found Egomimp's Eclectic Emporium.
 34416 | Orc:2    | Found a roughly hewn altar of Beogh.
 34493 | Orc:2    | Bought a +5 ring of evasion for 605 gold pieces
 34553 | Orc:2    | Bought a pair of runed gloves for 232 gold pieces
 34553 | Orc:2    | Bought a runed helmet for 232 gold pieces
 34648 | Orc:2    | Bought an uncursed ring of poison resistance for 280 gold pieces
 34969 | D:11     | Found Dajie's Assorted Antiques.
 35002 | D:11     | Bought a lumpy coppery potion for 26 gold pieces
 35002 | D:11     | Bought a scroll labeled FAEZEC OWOSTRY for 29 gold pieces
 35984 | D:11     | Identified the Handbook of Nature
 36049 | D:12     | Noticed Maurice
 36062 | D:12     | Killed Maurice
 36150 | D:12     | Received a gift from Trog
 36276 | D:12     | Got a bloodstained plate armour
 36277 | D:12     | Identified the +11 plate armour of the Lair of Beasts {Dex+4} (You found it on level 12 of the Dungeon)
 37107 | D:13     | Reached skill level 16 in Fighting
 37394 | D:13     | Found a roughly hewn altar of Beogh.
 37449 | D:13     | Noticed Erolcha
 37711 | D:13     | Reached ****** piety under Trog
 37731 | D:13     | Killed Erolcha
 37731 | D:13     | Received a gift from Trog
 38691 | D:13     | Found a gate to the Vaults.
 38715 | D:13     | Reached skill level 21 in Armour
 39330 | D:14     | Received a gift from Trog
 40261 | D:15     | Entered Level 15 of the Dungeon
 40344 | D:15     | Reached skill level 17 in Fighting
 40447 | D:15     | Found a staircase to the Depths.
 41418 | D:15     | Reached XP level 16. HP: 141/141 MP: 16/16
 41567 | D:15     | Received a gift from Trog
 41956 | Orc:1    | Found a roughly hewn altar of Beogh.
 41972 | Orc:1    | Found a transporter.
 42120 | Orc:2    | Bought a manual of Evocations for 1214 gold pieces
 42277 | Swamp:1  | Entered Level 1 of the Swamp
 42290 | Swamp:1  | Noticed a thorn hunter
 42310 | Swamp:1  | Killed a thorn hunter
 42560 | Swamp:1  | Reached skill level 10 in Evocations
 42560 | Swamp:1  | Reached XP level 17. HP: 149/149 MP: 16/24
 42945 | Swamp:1  | Got an ichor-stained chain mail
 42946 | Swamp:1  | Identified the +3 chain mail of Lugonu's Approval {MR+ Dex+7} (You found it on level 1 of the Swamp)
 43309 | Swamp:2  | Reached skill level 18 in Fighting
 43406 | Swamp:2  | Reached skill level 22 in Armour
 43596 | Swamp:2  | Reached skill level 11 in Evocations
 43626 | Swamp:2  | Found a basalt altar of Yredelemnul.
 44432 | Swamp:2  | Reached skill level 12 in Evocations
 44717 | Swamp:1  | Received a gift from Trog
 45364 | Swamp:3  | Reached skill level 13 in Evocations
 45666 | Swamp:3  | Got a brightly glowing bone ring
 45667 | Swamp:3  | Identified the ring of Nauga {rC+ MP+9 Dex+2} (You found it on level 3 of the Swamp)
 45831 | Swamp:3  | Noticed a tentacled monstrosity
 45858 | Swamp:3  | Killed a tentacled monstrosity
 46047 | Lair:1   | Identified a scroll of acquirement
 46048 | Lair:1   | Got a crude crystal plate armour
 46059 | Lair:1   | Identified the +7 crystal plate armour of the Thinker {*Slow MR+ SInv} (You acquired it on level 1 of the Lair of Beasts)
 46104 | Snake:1  | Entered Level 1 of the Snake Pit
 46314 | Snake:1  | Reached skill level 19 in Fighting
 46314 | Snake:1  | Reached skill level 14 in Evocations
 46775 | Snake:1  | Noticed Aizul
 46806 | Snake:1  | HP: 41/153 [Aizul (12)]
 46809 | Snake:1  | Killed Aizul
 46809 | Snake:1  | Reached skill level 15 in Evocations
 46811 | Snake:1  | HP: 39/153 [poisoned by Aizul (poison arrow)]
 46816 | Snake:1  | HP: 42/153 [poisoned by Aizul (poison arrow)]
 47331 | Snake:1  | Found Goux's Gadget Shop.
 47935 | Snake:2  | Noticed Louise
 47995 | Snake:2  | Killed Louise
 48174 | Snake:2  | Received a gift from Trog
 48253 | Snake:1  | Reached XP level 18. HP: 129/161 MP: 10/29
 48381 | Snake:2  | Reached skill level 16 in Evocations
 48608 | Snake:2  | Found Xeonacw's Book Shop.
 48823 | Snake:2  | Received a gift from Trog
 49505 | Snake:3  | Noticed Roxanne
 49589 | Snake:3  | Reached skill level 17 in Evocations
 49654 | Snake:3  | Reached skill level 20 in Fighting
 50080 | Snake:3  | HP: 46/162 [black mamba (3)]
 50085 | Snake:3  | HP: 43/162 [poisoned by a naga ritualist]
 50090 | Snake:3  | HP: 41/162 [poisoned by a naga ritualist]
 50095 | Snake:3  | HP: 39/162 [poisoned by a naga ritualist]
 50101 | Snake:3  | HP: 38/162 [poisoned by a naga ritualist]
 50107 | Snake:3  | HP: 38/162 [poisoned by a naga ritualist]
 50115 | Snake:3  | HP: 39/162 [poisoned by a naga ritualist]
 50765 | Snake:3  | Reached skill level 3 in Dodging
 50778 | Snake:3  | HP: 49/164 [poisoned by a naga sharpshooter (splash of poison)]
 50783 | Snake:3  | HP: 46/164 [poisoned by a naga sharpshooter (splash of poison)]
 50788 | Snake:3  | HP: 45/164 [poisoned by a naga sharpshooter (splash of poison)]
 50794 | Snake:3  | HP: 45/164 [poisoned by a naga sharpshooter (splash of poison)]
 50800 | Snake:3  | HP: 46/164 [poisoned by a naga sharpshooter (splash of poison)]
 51168 | Snake:3  | Found Atixas Kiawe's Jewellery Shoppe.
 51168 | Snake:3  | Found Odenyari's Gadget Shop.
 51169 | Snake:3  | Found Yjy Wyts's Gadget Shop.
 51822 | Snake:3  | Reached skill level 4 in Dodging
 52130 | Snake:3  | Reached skill level 5 in Dodging
 52229 | Snake:3  | Reached skill level 6 in Dodging
 52848 | Snake:3  | Bought the ring "Zemethru" {rF+ rC+ Stlth+} for 385 gold pieces
 53232 | Swamp:4  | Entered Level 4 of the Swamp
 53350 | Swamp:4  | Reached skill level 21 in Fighting
 53551 | Swamp:4  | Reached skill level 7 in Dodging
 53797 | Swamp:4  | HP: 73/249 [swamp worm (4)]
 54479 | Swamp:4  | Reached skill level 8 in Dodging
 54548 | Swamp:4  | Received a gift from Trog
 55029 | Swamp:4  | Noticed a bone dragon
 55051 | Swamp:4  | HP: 71/244 [bone dragon (10)]
 55056 | Swamp:4  | HP: 48/166 [spectral swamp dragon[a ghost crab] (5)]
 55061 | Swamp:4  | HP: 43/166 [phantom (5)]
 55477 | Swamp:4  | Killed a bone dragon
 55477 | Swamp:4  | Reached skill level 9 in Dodging
 55825 | Swamp:4  | Got a decaying rune of Zot
 56085 | Snake:4  | Entered Level 4 of the Snake Pit
 56105 | Snake:4  | HP: 43/166 [shock serpent/bolt of electricity (23)]
 56111 | Snake:4  | HP: 40/166 [poisoned by a naga (splash of poison)]
 56117 | Snake:4  | HP: 47/166 [poisoned by a nagaraja (splash of poison)]
 56127 | Snake:3  | HP: 49/166 [poisoned by a naga warrior (splash of poison)]
 56132 | Snake:3  | HP: 46/166 [poisoned by a naga warrior (splash of poison)]
 56137 | Snake:3  | HP: 44/166 [poisoned by a naga warrior (splash of poison)]
 56143 | Snake:3  | HP: 43/166 [poisoned by a naga warrior (splash of poison)]
 56151 | Snake:3  | HP: 43/166 [poisoned by a naga warrior (splash of poison)]
 56159 | Snake:3  | HP: 44/166 [poisoned by a naga warrior (splash of poison)]
 56558 | Snake:4  | HP: 46/166 [black mamba (5)]
 56567 | Snake:4  | HP: 71/249 [black mamba (9)]
 56572 | Snake:4  | HP: 69/249 [poisoned by a naga warrior (splash of poison)]
 56580 | Snake:4  | HP: 41/166 [poisoned by a naga warrior (splash of poison)]
 56585 | Snake:4  | HP: 24/166 [poisoned by a naga warrior (splash of poison)]
 56587 | Snake:4  | HP: 5/166 [guardian serpent (10)]
 56592 | Snake:3  | HP: 13/166 [poisoned by a naga (splash of poison)]
 56599 | Snake:3  | HP: 21/166 [black mamba (1)]
 56649 | Snake:2  | HP: 63/249 [naga sharpshooter/arrow (1)]
 57135 | Vaults:1 | Entered Level 1 of the Vaults
 57341 | D:13     | Reached XP level 19. HP: 154/173 MP: 31/31
 57474 | Vaults:1 | Reached skill level 10 in Dodging
 57846 | Vaults:1 | Received a gift from Trog
 58441 | D:13     | Reached skill level 22 in Fighting
 58561 | Vaults:1 | Reached skill level 1 in Throwing
 58668 | Vaults:1 | Reached skill level 2 in Throwing
 58675 | Vaults:1 | Reached skill level 11 in Dodging
 58834 | Vaults:1 | Reached skill level 3 in Throwing
 59415 | Vaults:1 | Reached skill level 4 in Throwing
 59598 | Vaults:1 | Reached skill level 5 in Throwing
 59888 | Vaults:1 | Received a gift from Trog
 59935 | Vaults:1 | Reached skill level 12 in Dodging
 60057 | Vaults:1 | Reached skill level 6 in Throwing
 60063 | Vaults:1 | Received a gift from Trog
 60106 | Vaults:1 | Got a slimy great mace {god gift}
 60107 | Vaults:1 | Identified the +7 great mace of Xoca {flame, Int+7} (Trog gifted it to you on level 1 of the Vaults)
 60497 | Vaults:1 | Reached skill level 7 in Throwing
 60898 | Vaults:2 | Reached skill level 13 in Dodging
 60987 | Vaults:2 | Found a portal to a secret trove of treasure.
 61143 | Vaults:2 | HP: 76/261 [two-headed ogre/giant club[an ironheart preserver] (14)]
 61146 | Vaults:2 | Reached skill level 8 in Throwing
 61203 | Vaults:2 | Found a flickering gateway to a bazaar.
 61223 | Bazaar   | Entered a bazaar
 61223 | Bazaar   | Found Mewuoq's General Store.
 61223 | Bazaar   | Found Bofiah's General Store.
 61252 | Bazaar   | Found Zis Argh's General Store.
 61252 | Bazaar   | Found Jufohusm's General Store.
 61276 | Bazaar   | Found Bereliv's General Store.
 61276 | Bazaar   | Found Ohaipime's General Store.
 61300 | Bazaar   | Found Nudajetits's General Store.
 61300 | Bazaar   | Found Ogul's General Store.
 61329 | Bazaar   | Bought a potion of mutation for 56 gold pieces
 61329 | Bazaar   | Bought a potion of heal wounds for 35 gold pieces
 61374 | Bazaar   | Bought a scroll of enchant armour for 90 gold pieces
 61378 | Bazaar   | Bought a scroll of identify for 12 gold pieces
 61403 | Bazaar   | Bought a scroll of enchant weapon for 97 gold pieces
 61403 | Bazaar   | Bought a potion of cancellation for 104 gold pieces
 61644 | Vaults:2 | Reached skill level 9 in Throwing
 61833 | Vaults:2 | Received a gift from Trog
 61863 | Vaults:2 | HP: 52/174 [vault sentinel/uncursed long sword (6)]
 61870 | Vaults:2 | Reached skill level 14 in Dodging
 61873 | Vaults:2 | HP: 22/174 [ironheart preserver/dire flail (14)]
 61882 | Vaults:2 | HP: 32/261 [ironheart preserver/dire flail (3)]
 62414 | Vaults:2 | Received a gift from Trog
 62414 | Vaults:2 | Reached skill level 10 in Throwing
 62449 | Vaults:2 | Reached XP level 20. HP: 180/182 MP: 32/32
 63126 | Vaults:2 | Received a gift from Trog
 63334 | Vaults:1 | Reached skill level 11 in Throwing
 64100 | Vaults:2 | Received a gift from Trog
 65290 | Vaults:3 | Reached skill level 12 in Throwing
 65531 | Vaults:3 | Reached skill level 15 in Dodging
 66013 | Vaults:3 | Paralysed by an orc sorcerer for 2 turns
 66253 | Vaults:3 | Reached skill level 13 in Throwing
 66286 | Vaults:3 | Upgraded the game from 0.21-a0-264-g3e31e41 to 0.21-a0-265-gb353147
 66604 | Vaults:3 | Received a gift from Trog
 66622 | Vaults:3 | Noticed Saint Roka
 66625 | Vaults:3 | HP: 51/182 [Saint Roka/divine providence (12)]
 67045 | Vaults:3 | Killed Saint Roka
 67318 | Vaults:3 | Found a staircase to the Crypt.
 67665 | Vaults:3 | Reached skill level 14 in Throwing
 67941 | Vaults:3 | Reached skill level 18 in Evocations
 68427 | Vaults:4 | Paralysed by a sphinx for 7 turns
 68470 | Vaults:4 | Reached skill level 15 in Throwing
 68496 | Vaults:4 | HP: 54/182 [poisoned by a green ugly thing]
 68501 | Vaults:4 | HP: 51/182 [poisoned by a green ugly thing]
 68507 | Vaults:4 | HP: 51/182 [poisoned by a green ugly thing]
 68515 | Vaults:4 | HP: 51/182 [poisoned by a green ugly thing]
 68523 | Vaults:4 | HP: 52/182 [poisoned by a green ugly thing]
 69169 | Vaults:4 | Received a gift from Trog
 69255 | Vaults:4 | HP: 49/182 [yaktaur/bolt[a vault warden] (6)]
 69965 | Vaults:4 | Received a gift from Trog
 70044 | Vaults:4 | Reached XP level 21. HP: 189/189 MP: 34/34
 70841 | Vaults:4 | Received a gift from Trog
 70841 | Vaults:4 | Reached skill level 16 in Throwing
 72008 | Snake:4  | HP: 51/189 [poisoned by a black mamba]
 72008 | Snake:4  | HP: 23/189 [nagaraja (3)]
 72008 | Snake:4  | HP: 11/189 [guardian serpent/bolt of poison (1)]
 72008 | Snake:4  | Slain by a black mamba

Vault maps used:
D:1:      lightli_arrival_quake, serial_aquarium, aquarium_bridge_square,
          aquarium_window_1, aquarium_window_1, aquarium_window_1,
          aquarium_view_2e, aquarium_view_2d, aquarium_balcony_1b,
          aquarium_pool_five
D:2:      first_bread, minmay_door_square, minmay_misc_feat_more_columns,
          uniq_natasha, uniq_robin
D:3:      nicolae_overflow_hidden_temple, led_sif_book
D:4:      gammafunk_temple_overflow_wave, makhleb_blood_cavern_becter,
          minmay_temple_entry_large_hall, serial_undead, serial_undead_e,
          serial_undead_f, serial_undead_d, serial_undead_a, serial_undead_c,
          enter_ossuary_3, glass_columns_b, st_stairs_14
D:5:      lemuel_doored_altar, vehumet_statue, kennysheep_generic_room_7
D:6:      kennysheep_mini_moat, nemelex_altar_shiori,
          nicolae_qazlal_general_emergency
D:7:      black_bear_nest_1, kennysheep_mini,
          nicolae_gozag_cash_rules_everything_around_me, uniq_joseph
D:8:      nicolae_ru_awakened_eye, kennysheep_generic_room_2
D:9:      old_standard_altar, orc_0_dummy, blue_anna_alchemist,
          nrook_guardian_serpent_ordinary
D:10:     lair_entry_dummy
D:11:     minmay_shop_grid_forest, introduction_to_nature_1
D:12:     uniq_maurice
D:13:     grunt_vaults_entry_tiered, special_room, minmay_librarian,
          uniq_erolcha
D:14:     grunt_decor_cap
D:15:     grunt_enter_depths_hoard, hex_intersection
Temple:   chequers_temple_sunken
Lair:1:   serial_bayou_pond_b
Lair:2:   guppyfry_snake_entry_island, portal_ice_cave_demonic_guard
Lair:3:   uniq_sonja
Lair:4:   swamp_mist_pool, grunt_megastairs_3
Lair:5:   grunt_megastairs_4, uniq_snorg, uniq_rupert
Lair:6:   guppyfry_lair_end_dragon, hangedman_lair_in_review, slime_altar_2,
          minivault_24
Swamp:1:  cheibrodos_swamp_tower_of_moss, nicolae_swamp_fairy_circle,
          swamp_pool1, hangedman_swamp_cone
Swamp:2:  evilmike_swamp_ruin_house_3, grunt_ruined_hall
Swamp:3:  cheibrodos_swamp_monstrosity, evilmike_swamp_ruin_house_6, swamp_pool3
Swamp:4:  swamp_pestilence, swamp_pool5
Snake:1:  serial_shops, shop, uniq_aizul
Snake:2:  serial_shops, shop, uniq_louise
Snake:3:  hangedman_snake_sidewinding, minmay_shop_grove, uniq_roxanne
Snake:4:  snake_hunt, st_stairs_12, hangedman_snake_corridor_split
Orc:1:    gammafunk_beogh_shrine, bloody_trog
Orc:2:    st_orc_town, serial_shops, nicolae_shop_trees, nicolae_alphabet_shops,
          mines2_david
Vaults:1: nicolae_vaults_network_star, v_misc_29,
          vaults_room_grunt_arrival_ludios, hangedman_vaults_nails, v_misc_5,
          hangedman_vaults_variations, v_misc_15, nicolae_vaults_asterisk,
          ontoclasm_vaults_gateway, v_alt_pattern_4, serial_ice_b,
          ontoclasm_vaults_hangar
Vaults:2: hangedman_vaults_stretched_pinwheel,
          hangedman_vaults_stretched_pinwheel, ontoclasm_vaults_ligature,
          v_misc_3, v_pattern_1, grunt_vaults_funnel,
          nicolae_vaults_ring_of_whatevers, vaults_room_large_hall,
          nicolae_trove_entry_path_of_doom, serial_shops, bzr_entry_road
Vaults:3: vaults_dpeg_spiral, st_spiral_rooms, minmay_crypt_entry_vampire_xt,
          vaults_room_grunt_arrival_checkpoint,
          nicolae_vaults_ring_of_whatevers, nicolae_vaults_rhombus_7,
          v_alt_pattern_4, nicolae_vaults_bisected_slash, serial_ice_g,
          v_misc_23, uniq_saint_roka
Vaults:4: hangedman_vaults_stretched_pinwheel, hangedman_vaults_corner,
          v_misc_13, vaults_room_large_hall, v_alt_pattern_4,
          special_room_vaults, ontoclasm_vaults_chip,
          nicolae_vaults_network_square, vaults_room_stairs_pillars,
          nicolae_vaults_theta, stair_cage_open,
          nicolae_vaults_mini_display_case, vaults_room_hallway,
          vaults_dpeg_diagonal
Bazaar:   bazaar_minmay_mutagenic_fog
Ossuary:  ossuary_minmay_scorpions
IceCv:    ice_cave_tombish

Skill      XL: |  1  2  3  4  5  6  7  8  9 10 11 12 13 14 15 16 17 18 19 20 21 |
---------------+----------------------------------------------------------------+-----
Maces & Flails | 5 6 7 9 10 12 14 15 18 20 | 20.0
Armour         | 3 4 5 6 8 10 13 15 16 18 19 21 22 | 22.6
Fighting       | 5 9 12 14 17 19 21 22 | 22.0
Evocations     | 10 15 17 18 | 18.0
Dodging        | 9 14 15 | 15.0
Throwing       | 10 15 16 | 16.2

Action                   |  1- 3 |  4- 6 |  7- 9 | 10-12 | 13-15 | 16-18 | 19-21 || total
-------------------------+-------+-------+-------+-------+-------+-------+-------++-------
Melee: Mace              |    47 |     5 |   639 |   810 |       |       |       ||  1501
       Bite              |     2 |    11 |    49 |    57 |   117 |   106 |   113 ||   455
       Whip              |    65 |   307 |    52 |   168 |       |       |       ||   592
       Great mace        |       |       |       |   130 |  2373 |  2093 |  1874 ||  6470
 Fire: Hunting sling     |       |       |       |       |    14 |    15 |       ||    29
Throw: Tomahawk          |       |       |    10 |    30 |     6 |       |       ||    46
       Javelin           |       |       |       |     2 |       |       |    12 ||    14
Invok: Berserk           |     1 |     2 |     1 |    14 |    11 |    10 |     4 ||    43
       Burn Spellbooks   |       |       |       |     1 |     1 |       |       ||     2
       Brothers in Arms  |       |       |       |     1 |     3 |     7 |     7 ||    18
       Trog's Hand       |       |       |       |       |     2 |     3 |       ||     5
 Abil: Evoke Flight      |       |       |       |       |     3 |     1 |       ||     4
Evoke: Wand              |       |       |       |     4 |     1 |     3 |     1 ||     9
  Use: Scroll            |     3 |     4 |    17 |    12 |     8 |    15 |     9 ||    68
       Potion            |       |       |       |     5 |     3 |    13 |     2 ||    23
 Stab: Invisible         |       |       |       |       |     3 |       |       ||     3
       Paralysed         |       |       |       |       |       |     7 |       ||     7
       Distracted        |       |       |       |       |       |       |     1 ||     1
  Eat: Chunk             |     3 |     9 |    13 |    26 |    71 |    29 |    45 ||   196
       Royal jelly       |       |       |     3 |     4 |       |     3 |     3 ||    13
       Fruit             |       |       |     2 |    14 |     7 |     1 |       ||    24
       Bread ration      |       |       |       |     1 |     1 |     7 |     1 ||    10
Armor: Animal skin       |    15 |     2 |       |       |       |       |       ||    17
       Chain mail        |       |   148 |   339 |       |       |       |       ||   487
       Plate armour      |       |       |    20 |   718 |  1622 |  1866 |  1236 ||  5462
Dodge: Dodged            |    73 |    40 |    81 |    66 |   505 |   866 |   519 ||  2150

Table legend:
 A = Spawn XP
 B = Non-spawn XP
 C = Spawn XP percentage of total XP
 D = Spawn monster count
 E = Non-spawn monster count
 F = Spawn count percentage of total count
 G = Total turns spent on level
                    A         B        C        D         E        F      G
               +---------+---------+-------+---------+---------+-------+---------
         Total |       0 |  454610 |   0.0 |       0 |    1470 |   0.0 | 72008
               +---------+---------+-------+---------+---------+-------+---------
           D:1 |       0 |      82 |   0.0 |       0 |      23 |   0.0 |  1452
           D:2 |       0 |     135 |   0.0 |       0 |      39 |   0.0 |  1225
           D:3 |       0 |     219 |   0.0 |       0 |      26 |   0.0 |   695
           D:4 |       0 |     637 |   0.0 |       0 |      24 |   0.0 |   923
           D:5 |       0 |     348 |   0.0 |       0 |      25 |   0.0 |  1343
           D:6 |       0 |     825 |   0.0 |       0 |      18 |   0.0 |  1076
           D:7 |       0 |    1121 |   0.0 |       0 |      15 |   0.0 |  1499
           D:8 |       0 |     937 |   0.0 |       0 |      29 |   0.0 |  1002
           D:9 |       0 |    4594 |   0.0 |       0 |      42 |   0.0 |  2105
          D:10 |       0 |    3349 |   0.0 |       0 |      32 |   0.0 |  2458
          D:11 |       0 |    3721 |   0.0 |       0 |      33 |   0.0 |  1598
          D:12 |       0 |    6442 |   0.0 |       0 |      35 |   0.0 |   906
          D:13 |       0 |   25472 |   0.0 |       0 |     102 |   0.0 |  3448
          D:14 |       0 |    6005 |   0.0 |       0 |      29 |   0.0 |  1474
          D:15 |       0 |   10034 |   0.0 |       0 |      27 |   0.0 |   874
        Lair:1 |       0 |    5409 |   0.0 |       0 |      19 |   0.0 |  1855
        Lair:2 |       0 |    3900 |   0.0 |       0 |      14 |   0.0 |  1470
        Lair:3 |       0 |    5784 |   0.0 |       0 |      17 |   0.0 |  2612
        Lair:4 |       0 |    6505 |   0.0 |       0 |      29 |   0.0 |  1746
        Lair:5 |       0 |   18296 |   0.0 |       0 |      34 |   0.0 |  3498
        Lair:6 |       0 |   20447 |   0.0 |       0 |      58 |   0.0 |  3045
       Swamp:1 |       0 |    7128 |   0.0 |       0 |      16 |   0.0 |  1178
       Swamp:2 |       0 |   14222 |   0.0 |       0 |      34 |   0.0 |  1595
       Swamp:3 |       0 |   10045 |   0.0 |       0 |      19 |   0.0 |   948
       Swamp:4 |       0 |   22865 |   0.0 |       0 |      68 |   0.0 |  2638
       Snake:1 |       0 |   18245 |   0.0 |       0 |      36 |   0.0 |  2241
       Snake:2 |       0 |   14603 |   0.0 |       0 |      29 |   0.0 |  1821
       Snake:3 |       0 |   32667 |   0.0 |       0 |      60 |   0.0 |  3605
       Snake:4 |       0 |    3315 |   0.0 |       0 |      10 |   0.0 |   132
         Orc:1 |       0 |   10932 |   0.0 |       0 |      71 |   0.0 |  3009
         Orc:2 |       0 |    6769 |   0.0 |       0 |      72 |   0.0 |  1539
      Vaults:1 |       0 |   46710 |   0.0 |       0 |      87 |   0.0 |  3452
      Vaults:2 |       0 |   47444 |   0.0 |       0 |      84 |   0.0 |  3397
      Vaults:3 |       0 |   44056 |   0.0 |       0 |      88 |   0.0 |  3975
      Vaults:4 |       0 |   45501 |   0.0 |       0 |      76 |   0.0 |  2457
       Ossuary |       0 |     837 |   0.0 |       0 |      27 |   0.0 |  1252
         IceCv |       0 |    5009 |   0.0 |       0 |      23 |   0.0 |  2090
               +---------+---------+-------+---------+---------+-------+---------

Table legend:
 A = Turns spent in this place as a percentage of turns spent in the entire game.
 B = Non-inter-level travel turns spent in this place as a percentage of non-inter-level travel turns spent in the entire game.
 C = Inter-level travel turns spent in this place as a percentage of turns spent in this place.
 D = Turns resting spent in this place as a percentage of non-inter-level travel turns spent in this place.
 E = Turns spent auto-exploring this place as a percentage of non-inter-level travel turns spent in this place.
 F = Non-inter-level travel turns spent in this place divided by the number of levels of this place that you've seen.
                   A       B       C       D       E      F
               +-------+-------+-------+-------+-------+----------------------
         Total | 100.0 | 100.0 |   6.4 |  40.7 |  25.4 | 1728.6
       Dungeon |  30.7 |  30.4 |   7.1 |  31.9 |  31.9 | 1367.6
        Temple |   0.2 |   0.1 |  14.4 |   0.0 |  63.4 | 101.0
          Lair |  19.8 |  19.8 |   6.3 |  47.8 |  26.6 | 2221.0
         Swamp |   8.8 |   8.7 |   7.6 |  35.8 |  29.1 | 1468.5
     Snake Pit |  10.8 |  10.5 |   9.3 |  47.0 |  25.2 | 1767.5
  Orcish Mines |   6.3 |   6.3 |   7.1 |  41.8 |  14.7 | 2112.5
        Vaults |  18.4 |  18.8 |   4.3 |  41.7 |  22.3 | 3177.0
        Bazaar |   0.4 |   0.4 |   0.0 |  28.0 |   0.0 | 257.0
       Ossuary |   1.7 |   1.9 |   0.0 |  41.0 |   0.0 | 1252.0
      Ice Cave |   2.9 |   3.1 |   0.0 |  70.7 |   1.5 | 2090.0
               +-------+-------+-------+-------+-------+----------------------

Vault maps used:
D:1:      lightli_arrival_quake, serial_aquarium, aquarium_bridge_square,
          aquarium_window_1, aquarium_window_1, aquarium_window_1,
          aquarium_view_2e, aquarium_view_2d, aquarium_balcony_1b,
          aquarium_pool_five
D:2:      first_bread, minmay_door_square, minmay_misc_feat_more_columns,
          uniq_natasha, uniq_robin
D:3:      nicolae_overflow_hidden_temple, led_sif_book
D:4:      gammafunk_temple_overflow_wave, makhleb_blood_cavern_becter,
          minmay_temple_entry_large_hall, serial_undead, serial_undead_e,
          serial_undead_f, serial_undead_d, serial_undead_a, serial_undead_c,
          enter_ossuary_3, glass_columns_b, st_stairs_14
D:5:      lemuel_doored_altar, vehumet_statue, kennysheep_generic_room_7
D:6:      kennysheep_mini_moat, nemelex_altar_shiori,
          nicolae_qazlal_general_emergency
D:7:      black_bear_nest_1, kennysheep_mini,
          nicolae_gozag_cash_rules_everything_around_me, uniq_joseph
D:8:      nicolae_ru_awakened_eye, kennysheep_generic_room_2
D:9:      old_standard_altar, orc_0_dummy, blue_anna_alchemist,
          nrook_guardian_serpent_ordinary
D:10:     lair_entry_dummy
D:11:     minmay_shop_grid_forest, introduction_to_nature_1
D:12:     uniq_maurice
D:13:     grunt_vaults_entry_tiered, special_room, minmay_librarian,
          uniq_erolcha
D:14:     grunt_decor_cap
D:15:     grunt_enter_depths_hoard, hex_intersection
Temple:   chequers_temple_sunken
Lair:1:   serial_bayou_pond_b
Lair:2:   guppyfry_snake_entry_island, portal_ice_cave_demonic_guard
Lair:3:   uniq_sonja
Lair:4:   swamp_mist_pool, grunt_megastairs_3
Lair:5:   grunt_megastairs_4, uniq_snorg, uniq_rupert
Lair:6:   guppyfry_lair_end_dragon, hangedman_lair_in_review, slime_altar_2,
          minivault_24
Swamp:1:  cheibrodos_swamp_tower_of_moss, nicolae_swamp_fairy_circle,
          swamp_pool1, hangedman_swamp_cone
Swamp:2:  evilmike_swamp_ruin_house_3, grunt_ruined_hall
Swamp:3:  cheibrodos_swamp_monstrosity, evilmike_swamp_ruin_house_6, swamp_pool3
Swamp:4:  swamp_pestilence, swamp_pool5
Snake:1:  serial_shops, shop, uniq_aizul
Snake:2:  serial_shops, shop, uniq_louise
Snake:3:  hangedman_snake_sidewinding, minmay_shop_grove, uniq_roxanne
Snake:4:  snake_hunt, st_stairs_12, hangedman_snake_corridor_split
Orc:1:    gammafunk_beogh_shrine, bloody_trog
Orc:2:    st_orc_town, serial_shops, nicolae_shop_trees, nicolae_alphabet_shops,
          mines2_david
Vaults:1: nicolae_vaults_network_star, v_misc_29,
          vaults_room_grunt_arrival_ludios, hangedman_vaults_nails, v_misc_5,
          hangedman_vaults_variations, v_misc_15, nicolae_vaults_asterisk,
          ontoclasm_vaults_gateway, v_alt_pattern_4, serial_ice_b,
          ontoclasm_vaults_hangar
Vaults:2: hangedman_vaults_stretched_pinwheel,
          hangedman_vaults_stretched_pinwheel, ontoclasm_vaults_ligature,
          v_misc_3, v_pattern_1, grunt_vaults_funnel,
          nicolae_vaults_ring_of_whatevers, vaults_room_large_hall,
          nicolae_trove_entry_path_of_doom, serial_shops, bzr_entry_road
Vaults:3: vaults_dpeg_spiral, st_spiral_rooms, minmay_crypt_entry_vampire_xt,
          vaults_room_grunt_arrival_checkpoint,
          nicolae_vaults_ring_of_whatevers, nicolae_vaults_rhombus_7,
          v_alt_pattern_4, nicolae_vaults_bisected_slash, serial_ice_g,
          v_misc_23, uniq_saint_roka
Vaults:4: hangedman_vaults_stretched_pinwheel, hangedman_vaults_corner,
          v_misc_13, vaults_room_large_hall, v_alt_pattern_4,
          special_room_vaults, ontoclasm_vaults_chip,
          nicolae_vaults_network_square, vaults_room_stairs_pillars,
          nicolae_vaults_theta, stair_cage_open,
          nicolae_vaults_mini_display_case, vaults_room_hallway,
          vaults_dpeg_diagonal
Bazaar:   bazaar_minmay_mutagenic_fog
Ossuary:  ossuary_minmay_scorpions
IceCv:    ice_cave_tombish
